 Dungeon Crawl Stone Soup version 0.26-a0-1139-g7d2dc893a1 (webtiles) character file.

Game seed: 5464208568346841414

102918 NagaOnly2020 the Imperceptible (level 16, -2/163 HPs)
             Began as a Naga Earth Elementalist on Dec 22, 2020.
             Was an Elder of Cheibriados.
             Slain by a nine-headed hydra (11 damage)
             ... on level 6 of the Lair of Beasts.
             The game lasted 01:14:16 (32769 turns).

NagaOnly2020 the Imperceptible (NaEE)              Turns: 32769, Time: 01:14:17

Health: -2/163     AC: 19    Str: 21    XL:     16   Next: 34%
Magic:  23/30      EV:  9    Int: 37    God:    Cheibriados [****..]
Gold:   1791       SH:  0    Dex: 23    Spells: 24/35 levels left

rFire    + . .     SeeInvis +   f - +1 short sword (venom)
rCold    + . .     Faith    .   (no shield)
rNeg     . . .     Spirit   .   j - +2 ring mail {Will+}
rPois    +         Reflect  .   L - +1 hat
rElec    .         Harm     .   F - scarf {rC+ rF+}
rCorr    .         Rampage  .   m - +0 pair of gloves (curse)
Will     ++++.                  (no barding)
Stlth    ++++++++..             B - amulet of magic regeneration
HPRegen  0.37/turn              o - +4 ring of protection
MPRegen  0.47/turn              G - ring of Ateuled {Will+ Int+6 Slay+5}

@: very slow
A: large, thin metallic scales 1, see invisible, deformed body, poison
resistance, shaggy fur 1, slowness 2, spit poison 1, constrict 1, AC +5
a: Spit Poison, Renounce Religion, Bend Time, Temporal Distortion, Slouch


You were on level 6 of the Lair of Beasts.
You worshipped Cheibriados.
Cheibriados was greatly pleased with you.
You visited 4 branches of the dungeon, and saw 23 of its levels.
You also visited: Sewer.

You collected 2173 gold pieces.
You spent 382 gold pieces at shops.

Inventory:

Hand Weapons
 f - a +1 short sword of venom (weapon)
Missiles
 b - 571 stones
 l - 17 boomerangs (quivered)
Armour
 j - a +2 ring mail of willpower (worn)
 m - a cursed +0 pair of gloves (worn)
 F - a scarf of resistance (worn)
 K - a +1 robe of fire resistance
 L - a +1 hat (worn)
Jewellery
 c - an uncursed ring of protection from fire
 o - a +4 ring of protection (left hand)
 u - an uncursed amulet of reflection
 B - an amulet of magic regeneration (around neck)
 C - an uncursed ring of protection from cold
 G - the ring of Ateuled (right hand) {Will+ Int+6 Slay+5}
   (You found it on level 11 of the Dungeon)

   [ring of intelligence]

   It affects your intelligence (+6).
   It affects your accuracy and damage with ranged weapons and melee attacks
   (+5).
   It affects your willpower, your defense against some magical effects.
 J - an uncursed ring of flight
 O - an uncursed amulet of regeneration {unknown}
 W - an uncursed ring of positive energy
Wands
 a - a wand of disintegration (10)
 A - a wand of enslavement (1)
 H - a wand of iceblast (19)
 T - a wand of digging (4)
 V - a wand of flame (11)
 X - a wand of polymorph (8)
 Z - a wand of acid (9)
Scrolls
 d - a scroll of enchant armour
 h - 3 scrolls of identify
 i - 3 scrolls of teleportation
 k - 2 scrolls of magic mapping
 p - 15 scrolls of remove curse
 r - 3 scrolls of fear
 t - 4 scrolls of blinking
 v - 2 scrolls of summoning
 w - a scroll of torment
 y - 2 scrolls of vulnerability
 D - 2 scrolls of enchant weapon
 E - 5 scrolls of amnesia
 I - a scroll of fog
 Q - a scroll of silence
 S - a scroll of holy word {unknown}
 U - a scroll of random uselessness {unknown}
 Y - 2 scrolls of immolation {unknown}
Potions
 e - 9 potions of curing
 g - 6 potions of might
 n - 3 potions of heal wounds
 q - 3 potions of berserk rage
 s - 3 potions of haste
 x - 6 potions of cancellation
 z - 4 potions of ambrosia
 M - 6 potions of brilliance
 N - 2 potions of flight
 P - a potion of magic
 R - 2 potions of resistance


   Skills:
 + Level 15.3 Fighting
 + Level 3.2 Armour
 - Level 1.5 Dodging
 + Level 22.1 Stealth
 - Level 10.0 Spellcasting
 - Level 5.0 Conjurations
 - Level 1.0 Transmutations
 - Level 12.0 Earth Magic
 - Level 8.0 Invocations


You had 24 spell levels left.
You knew the following spells:

 Your Spells              Type           Power        Failure   Level
a - Sandblast             Erth           100%         1%          1
b - Passwall              Tmut/Erth      50%          1%          2
c - Stone Arrow           Conj/Erth      100%         1%          3
e - Lee's Rapid Deconstr  Erth           41%          1%          5

Your spell library contained the following spells:

 Spells                   Type           Power        Failure   Level
 Petrify                  Tmut/Erth      61%          2%          4
 Animate Skeleton         Necr           36%          3%          1
 Apportation              Tloc           36%          3%          1
 Corona                   Hex            20%          3%          1
 Summon Small Mammal      Summ           72%          3%          1
 Static Discharge         Conj/Air       37%          3%          3
 Corpse Rot               Necr/Air       N/A          5%          2
 Lightning Bolt           Conj/Air       18%          34%         5
 Summon Forest            Summ/Tloc      9%           67%         5
 Hydra Form               Tmut           12%          98%         6
 Eringya's Noxious Bog    Tmut/Pois      11%          99%         6
 Summon Hydra             Summ           9%           100%        7
 Ignition                 Fire           9%           100%        8
 Shatter                  Erth           41%          100%        9
 Tornado                  Air            9%           100%        9


Dungeon Overview and Level Annotations

Branches:
Dungeon (15/15)            Temple (1/1) D:7            Lair (6/6) D:9
  Swamp (0/4) Lair:4        Snake (1/4) Lair:2        Slime (0/5) Lair:5
    Orc (0/2) D:9          Vaults (0/5) D:14         Depths (0/5) D:15
  Sewer (visited)

Altars:
Ashenzari
Cheibriados
Dithmenos
Elyvilon
Fedhas
Gozag
Hepliaklqana
Kikubaaqudgha
Makhleb
Nemelex Xobeh
Okawaru
Qazlal
Ru
Sif Muna
Uskayaw
Vehumet
Wu Jian
Xom
Yredelemnul
Zin
The Shining One
Lugonu

Shops:
D:11 =((?   D:13 *   Snake:1 }

Portals:
Trove: D:14 (give 2 scrolls of acquirement)

Annotations:
D:3 Grinder, Sigmund
D:4 1 runed translucent door
Lair:1 1 runed translucent door, Gypyx's ghost, journeyman MiFi
Lair:4 exclusion: 2 oklob plants
Lair:6 exclusion: oklob plant, MoonlitKnight's ghost, journeyman HOMo


Innate Abilities, Weirdness & Mutations

You cannot wear boots.
Your serpentine skin is tough. (AC +5)
You have supernaturally acute eyesight. (SInv)
Armour fits poorly on your strangely shaped body.
Your system is resistant to poisons. (rPois)
You cover ground very slowly.
You can spit poison.
You can use your snake-like lower body to constrict enemies.
You are partially covered in thin metallic scales. (AC +2)
You are covered in fur. (AC +1)


Message History

* * * LOW HITPOINT WARNING * * *
The nine-headed hydra bites you!
* * * LOW HITPOINT WARNING * * *
Unknown command.
Unknown command.
Unknown command.
Unknown command.
Unknown command.
Unknown command.
Unknown command.
You can feel time thicken for a moment.
You can no longer step out of the flow of time.
Cheibriados lowers the support of your attributes as your movement quickens.
The nine-headed hydra bites you but does no damage. x2
The nine-headed hydra bites you!
* * * LOW HITPOINT WARNING * * *
The nine-headed hydra bites you.
* * * LOW HITPOINT WARNING * * *
The nine-headed hydra bites you!
You die...

#.....................#.#.P.#
............................##
.............................#
.....P.......................#
............................##
.........................P..#
#.........#####.......#.PP###
.........##♣.♣##..........#
........##P..$.#@.........#
........#♣(:...D..........#
........#≈..)..'..........##
........#♣.....'......P....#
.....#P.##♣.$..#.....P.....##
##....P..##♣.≈##............#
##...P...#####.............#
#........................###
≈###...........#.....##......#


You could see a nine-headed hydra.

Vanquished Creatures
  Rupert (D:12)
  Frances (D:13)
  Nessos (D:14)
  Snorg (Lair:4)
  Azrael (D:13)
  A fire dragon (Lair:6)
  An ogre mage (D:15)
  Josephine (D:10)
  A naga warrior (Snake:1)
  A boulder beetle (D:13)
  A death knight (D:14)
  3 vault guards (D:14)
  7 hydras
  9 two-headed ogres
  4 centaur warriors
  9 death yaks (Lair:4)
  A shock serpent (Snake:1)
  Nergalle (D:11)
  A skeletal warrior (D:13)
  2 deep elf knights (D:15)
  An unseen horror (shapeshifter) (D:13)
  An unseen horror (D:14)
  A lindwurm (Lair:6)
  Pikel (D:4)
  3 deep elf magi
  A phantasmal warrior (D:14)
  10 ugly things
  2 manticores
  An orc sorcerer (D:15)
  4 cyclopes
  3 centaur zombies
  3 molten gargoyles (Lair:6)
  27 elephants
  A naga mage (Snake:1)
  10 black mambas
  A torpor snail (Lair:3)
  13 cane toads
  2 gargoyles
  2 efreet
  8 komodo dragons
  5 rime drakes
  A queen bee (Lair:3)
  4 trolls
  3 hornets
  3 polar bears (Lair:5)
  2 dream sheep (D:9)
  21 blink frogs
  A centaur simulacrum (D:15)
  6 water elementals
  A shadow (D:15)
  4 fire elementals (D:13)
  8 humans (D:14)
  A tarantella (shapeshifter) (D:15)
  A vampire (D:13)
  7 wyverns
  Grum (D:10)
  9 wraiths
  39 yaks
  2 steam dragons
  4 vampire mosquitoes (D:15)
  7 basilisks
  Edmund (D:5)
  4 nagas
  A soldier ant (D:13)
  18 water moccasins
  2 acid dragons (D:12)
  5 hell hounds
  9 sky beasts
  2 ice beasts
  Purgy (Sewer)
  12 orc warriors
  4 necrophages
  4 phantoms
  2 black bears
  2 eyes of draining
  8 ogres
  10 wolves
  29 centaurs
  21 bullfrogs
  4 big kobolds
  8 scorpions
  24 killer bees (Lair:3)
  5 wights
  5 electric eels
  5 howler monkeys
  5 lava snakes (Lair:6)
  2 bullfrog zombies
  2 quasits
  A gnoll shaman (D:5)
  8 hounds
  9 orc priests
  10 orc wizards
  3 bullfrog skeletons
  5 centaur skeletons
  4 iguanas
  Ijyb (D:3)
  Terence (D:2)
  A hell rat (Lair:3)
  13 worker ants
  A hound zombie (D:11)
  2 hound skeletons (D:9)
  8 gnolls
  A howler monkey skeleton (D:5)
  14 adders
  2 river rats
  A shadow imp (D:7)
  3 white imps
  5 ufetubi
  An ooze (D:3)
  2 adder skeletons
  A worm (D:5)
  7 dart slugs
  6 leopard geckos
  61 orcs
  5 giant cockroaches
  7 goblins
  6 hobgoblins
  4 jackals (D:1)
  11 kobolds
  6 quokkas
  2 ball pythons
  13 bats
  5 frilled lizards
  A jackal zombie (D:8)
  A leopard gecko skeleton (D:8)
  A quokka skeleton (D:7)
  A quokka zombie (D:6)
  6 rats
708 creatures vanquished.

Vanquished Creatures (others)
  A human (D:14)
  69 fungi
  124 plants
194 creatures vanquished.

Grand Total: 902 creatures vanquished

Notes
Turn   | Place    | Note
-------+----------+-------------------------------------------
     0 | D:1      | NagaOnly2020 the Naga Earth Elementalist began the quest
                  | for the Orb.
     0 | D:1      | Reached XP level 1. HP: 15/15 MP: 3/3
   354 | D:1      | Reached XP level 2. HP: 18/24 MP: 5/5
   602 | D:1      | Reached skill level 1 in Fighting
   635 | D:1      | Reached XP level 3. HP: 31/31 MP: 6/6
  1476 | D:2      | Noticed Terence
  1510 | D:2      | Reached skill level 4 in Stealth
  1520 | D:2      | Killed Terence
  1521 | D:2      | Reached XP level 4. HP: 24/38 MP: 7/7
  1903 | D:2      | Found a glowing silver altar of Zin.
  2479 | D:2      | Learned a level 2 spell: Passwall
  2483 | D:2      | Learned a level 3 spell: Stone Arrow
  2492 | D:3      | Reached XP level 5. HP: 37/45 MP: 8/8
  2579 | D:3      | Noticed Grinder
  2609 | D:3      | Reached skill level 5 in Stealth
  2616 | D:3      | Reached skill level 1 in Conjurations
  2627 | D:3      | Noticed Ijyb
  2790 | D:3      | Found a glowing drain.
  2815 | Sewer    | Entered a sewer
  2888 | Sewer    | Noticed Purgy
  2901 | Sewer    | Killed Purgy
  2902 | Sewer    | Reached XP level 6. HP: 35/55 MP: 9/9
  3168 | Sewer    | Gained mutation: Your spells are a little easier to cast,
                  | but a little less powerful. [potion of mutation]
  3168 | Sewer    | Gained mutation: You are partially covered in thin metallic
                  | scales. (AC +2) [potion of mutation]
  3168 | Sewer    | Lost mutation: Your spells are a little easier to cast, but
                  | a little less powerful. [potion of mutation]
  3168 | Sewer    | Gained mutation: You are covered in fur. (AC +1) [potion of
                  | mutation]
  3268 | D:3      | Noticed Sigmund
  3372 | D:3      | Killed Ijyb
  3634 | D:3      | Reached skill level 5 in Earth Magic
  3735 | D:4      | Reached skill level 6 in Stealth
  3799 | D:4      | Noticed a phantom
  3810 | D:4      | Killed a phantom
  3811 | D:4      | Reached XP level 7. HP: 60/62 MP: 0/10
  3914 | D:4      | Noticed Pikel
  3946 | D:4      | Killed Pikel
  3947 | D:4      | Reached skill level 7 in Stealth
  3947 | D:4      | Reached XP level 8. HP: 47/72 MP: 11/11
  4435 | D:4      | Found a broken altar of Ashenzari.
  4457 | D:4      | Found a sacrificial altar of Ru.
  4457 | D:4      | Found a hazy altar of Hepliaklqana.
  4457 | D:4      | Found a shimmering blue altar of Sif Muna.
  4459 | D:4      | Found a shimmering altar of Xom.
  4566 | D:4      | Found a runed translucent door.
  4566 | D:4      | Found a glowing silver altar of Zin.
  4566 | D:4      | Noticed an angel
  4604 | D:5      | Entered Level 5 of the Dungeon
  4719 | D:5      | Reached skill level 8 in Stealth
  5097 | D:5      | Reached skill level 5 in Fighting
  5283 | D:5      | Noticed Edmund
  5301 | D:5      | Killed Edmund
  5395 | D:5      | Reached skill level 9 in Stealth
  5570 | D:5      | Reached XP level 9. HP: 69/81 MP: 12/12
  5895 | D:6      | Reached skill level 5 in Conjurations
  6404 | D:6      | Reached skill level 10 in Stealth
  7278 | D:7      | Reached skill level 11 in Stealth
  7346 | D:7      | Found a glowing golden altar of the Shining One.
  7426 | D:7      | Found a basalt altar of Yredelemnul.
  7559 | D:7      | Found a staircase to the Ecumenical Temple.
  7577 | Temple   | Entered the Ecumenical Temple
  7680 | Temple   | Became a worshipper of Cheibriados the Contemplative
  8102 | D:7      | Reached XP level 10. HP: 94/94 MP: 13/13
  8530 | D:8      | Reached * piety under Cheibriados
  8531 | D:8      | Noticed a green ugly thing
  8616 | D:7      | Reached skill level 12 in Stealth
  9176 | D:8      | Killed a green ugly thing
  9604 | D:8      | Reached ** piety under Cheibriados
  9851 | D:9      | Reached skill level 13 in Stealth
  9861 | D:9      | Noticed a three-headed hydra
  9866 | D:9      | Killed a three-headed hydra
 10032 | D:9      | Reached XP level 11. HP: 83/104 MP: 12/14
 10254 | D:9      | Found a staircase to the Lair.
 10390 | D:9      | Reached *** piety under Cheibriados
 10650 | D:9      | Found a staircase to the Orcish Mines.
 10678 | D:9      | Reached skill level 10 in Earth Magic
 10706 | D:9      | Reached skill level 14 in Stealth
 10967 | D:9      | Reached **** piety under Cheibriados
 11761 | D:10     | Entered Level 10 of the Dungeon
 11763 | D:10     | Noticed Grum
 11766 | D:10     | Killed Grum
 11820 | D:10     | Learned a level 5 spell: Lee's Rapid Deconstruction
 12051 | D:10     | Reached skill level 1 in Invocations
 12091 | D:10     | Noticed Josephine
 12363 | D:11     | Noticed a centaur warrior
 12364 | D:11     | Reached ***** piety under Cheibriados
 12518 | D:11     | Noticed a purple ugly thing
 12633 | D:11     | Killed a centaur warrior
 12842 | D:11     | Killed a purple ugly thing
 13177 | D:11     | Noticed Nergalle
 13187 | D:11     | Killed Nergalle
 13206 | D:11     | Noticed a two-headed ogre
 13223 | D:11     | Killed a two-headed ogre
 13224 | D:11     | Reached skill level 5 in Invocations
 13264 | D:11     | Found Avam's Magic Scroll Boutique.
 13266 | D:11     | Found Hantef's Antique Weapon Shoppe.
 13271 | D:11     | Bought a scroll of magic mapping for 59 gold pieces
 13275 | D:11     | Bought a translucent war axe for 323 gold pieces
 13275 | D:11     | Identified the +5 war axe of Action {vorpal, Str+2} (You
                  | bought it in a shop on level 11 of the Dungeon)
 13284 | D:11     | Found Timig's Antique Weapon Boutique.
 13312 | D:11     | Reached skill level 10 in Fighting
 13366 | D:11     | Reached skill level 15 in Stealth
 13420 | D:11     | Reached XP level 12. HP: 62/116 MP: 15/16
 13782 | D:11     | Found Refreuth's Jewellery Emporium.
 13834 | D:11     | Got an ancient turquoise ring
 14114 | D:12     | Noticed Rupert
 14301 | D:12     | Identified the ring of Ateuled {Will+ Int+6 Slay+5} (You
                  | found it on level 11 of the Dungeon)
 15175 | D:12     | Noticed a centaur warrior
 15186 | D:12     | Killed a centaur warrior
 15192 | D:12     | Killed Rupert
 15372 | D:13     | Found Ireteom's Assorted Antiques.
 15460 | Lair:1   | Entered Level 1 of the Lair of Beasts
 15689 | Lair:1   | Reached skill level 16 in Stealth
 15904 | Lair:1   | Got a bronze leather armour
 15905 | Lair:1   | Identified the +1 leather armour "Yffoes" {Regen+} (You
                  | found it on level 1 of the Lair of Beasts)
 15906 | Lair:1   | Found a runed translucent door.
 15906 | Lair:1   | Noticed Gypyx's ghost (journeyman MiFi)
 16140 | Lair:1   | Noticed a six-headed hydra
 16211 | Lair:1   | Killed a six-headed hydra
 16212 | Lair:1   | Gained mutation: You can use your snake-like lower body to
                  | constrict enemies. [Naga growth]
 16212 | Lair:1   | Reached XP level 13. HP: 127/127 MP: 7/19
 17233 | Lair:2   | Found a staircase to the Snake Pit.
 17905 | Lair:3   | Reached ****** piety under Cheibriados
 18241 | Lair:3   | Reached skill level 17 in Stealth
 18933 | Lair:3   | Reached skill level 5 in Spellcasting
 19640 | Lair:4   | Noticed Snorg
 19654 | Lair:4   | Reached skill level 18 in Stealth
 19673 | Lair:4   | Found a snail-covered altar of Cheibriados.
 19762 | Lair:4   | Reached XP level 14. HP: 138/138 MP: 6/23
 19897 | Lair:4   | Found a staircase to the Swamp.
 19914 | Lair:4   | Got a scorched scale mail
 19915 | Lair:4   | Identified the +2 scale mail "Put-Me-On" {+Fly Str+6
                  | Stlth-} (You found it on level 4 of the Lair of Beasts)
 19922 | Lair:4   | Identified a scroll of acquirement
 19927 | Lair:4   | Acquired 565 gold pieces
 20061 | Lair:4   | Killed Snorg
 21209 | Lair:5   | Reached skill level 19 in Stealth
 22308 | Lair:5   | Found a staircase to the Slime Pits.
 22686 | D:10     | Killed Josephine
 22964 | D:13     | Got an iridescent long sword
 22965 | D:13     | Identified the cursed +1 long sword "Ahonubol" {venom,
                  | Str+3} (You found it on level 13 of the Dungeon)
 23065 | D:13     | Noticed Azrael
 23076 | D:13     | Killed Azrael
 23530 | D:13     | Noticed Frances
 23637 | D:13     | Killed Frances
 23647 | D:13     | Reached XP level 15. HP: 82/148 MP: 13/27
 24074 | D:13     | Found a corrupted altar of Lugonu.
 24534 | D:13     | Reached skill level 20 in Stealth
 25013 | D:14     | Found a radiant altar of Vehumet.
 25225 | D:14     | Found a portal to a secret trove of treasure.
 26109 | D:14     | Found a shadowy altar of Dithmenos.
 26219 | D:14     | Noticed Nessos
 26226 | D:14     | Killed Nessos
 26335 | D:14     | Found a gate to the Vaults.
 26940 | D:15     | Entered Level 15 of the Dungeon
 26981 | D:15     | Found a staircase to the Depths.
 27853 | D:15     | Reached skill level 10 in Spellcasting
 28230 | D:15     | Reached skill level 21 in Stealth
 29431 | Snake:1  | Entered Level 1 of the Snake Pit
 29431 | Snake:1  | Found Xipes's Gadget Emporium.
 30078 | Lair:6   | Entered Level 6 of the Lair of Beasts
 30213 | Lair:6   | Reached XP level 16. HP: 133/160 MP: 23/30
 30493 | Lair:6   | Found a runed translucent gate.
 30493 | Lair:6   | Found a runed translucent gate.
 30566 | Lair:6   | Reached skill level 1 in Armour
 30730 | Lair:6   | Reached skill level 15 in Fighting
 31330 | Lair:6   | Reached skill level 22 in Stealth
 31645 | Lair:6   | Found a large runed translucent door.
 31646 | Lair:6   | Found a large runed translucent door.
 32242 | Lair:6   | Found a runed translucent gate.
 32243 | Lair:6   | Noticed MoonlitKnight's ghost (journeyman HOMo)
 32769 | Lair:6   | Slain by a nine-headed hydra

Illustrated notes

Levels and vault maps discovered:
D:1:      sevenhm_arrival_forest_fort_large_2, layout_loops_cross
D:2:      layout_basic, old_standard_altar, uniq_terence
D:3:      minmay_evil_eye, layout_rooms, lightli_temple_of_fire,
          portal_sewer_entry_b, minmay_misc_feat_rugged, hangedman_decor_points,
          uniq_grinder, uniq_sigmund, uniq_ijyb
D:4:      layout_basic, minitemple, minmay_misc_feat_five, lemuel_angel_altar,
          uniq_pikel
D:5:      layout_gridville, chequers_jeans, uniq_edmund
D:6:      layout_basic, mumra_transporter_accident,
          hangedman_abyss_or_decor_passed
D:7:      layout_loops_corners, nicolae_overflow_hidden_temple, kennysheep_mini,
          minmay_temple_entry_purple_smoke
D:8:      layout_loops_ring
D:9:      layout_cave_pools, due_lair_maze_entry_diamond, hiddenorc2_lemuel,
          serial_co_window_serial, co_window_paths_b,
          co_window_of_opportunity_a, co_window_of_opportunity_a,
          co_window_corner_a, co_window_paths_b, co_window_paths_a,
          co_window_paths_b, co_window_paths_a, co_window_of_opportunity_a,
          co_window_corner_b, co_window_2corner, co_window_paths_c,
          co_window_sun, glass_columns_b, glass_columns_c, glass_columns_b,
          hangedman_ranch [blue_anna_fruit_fields]
D:10:     layout_basic, uniq_grum, uniq_josephine
D:11:     layout_irregular_city, serial_shops, nicolae_shop_behind_doors, shop,
          shop_fountains, shop, kennysheep_small_circle, uniq_nergalle
D:12:     layout_loops_corners, st_stairs_3, uniq_rupert
D:13:     layout_loops_ring, serial_bayou, serial_bayou_shore_a,
          serial_bayou_shore_b, serial_bayou_crossing, serial_bayou_lagoon_a,
          serial_shops, shop, tgw_lugonu_bribe, uniq_frances, uniq_azrael
D:14:     layout_basic, ximxim_vaults_locker_room,
          nicolae_trove_entry_crossroad, old_standard_altar,
          nicolae_dithmenos_shadow_blocks, uniq_nessos
D:15:     hangedman_depths_entry_civil_slaughter, layout_stronghold,
          portal_ice_cave_entry_pillars_2, minmay_misc_feat_alley
Temple:   cyrus_circular_temple
Lair:1:   layout_small_grid, hellmonk_ghost_happy_afterlife, serial_rivers,
          chequers_serial_rivers_small_a, chequers_serial_rivers_micro_b,
          chequers_serial_rivers_small_3, chequers_serial_rivers_micro_c,
          minmay_holes
Lair:2:   layout_layer_cave, guppyfry_snake_entry_garden
Lair:3:   regret_index_combs_of_tragedy, layout_chaotic_city
Lair:4:   layout_loops_ring, swamp_mist, basic_altar, minmay_lair_oklob_chamber,
          grunt_megastairs_5, serial_bayou_shore_b, uniq_snorg
Lair:5:   layout_roguey, dpeg_slime_entry_corner, grunt_megastairs_4
Lair:6:   cheibrodos_lair_end_hotspot, layout_gridlike,
          gammafunk_ghost_hydra_chop
Snake:1:  layout_onion_interference, serial_shops, nicolae_shop_crystal,
          special_room, nicolae_snake_linked_coils, nicolae_snake_single_loop,
          grunt_megastairs_3, minmay_shop_star, lemuel_fruit_tree

Skill      XL: |  1  2  3  4  5  6  7  8  9 10 11 12 13 14 15 16 |
---------------+-------------------------------------------------+-----
Fighting       | 1 2 3 4 5 7 8 10 11 12 13 14 15 | 15.3
Stealth        | 4 5 6 7 9 11 13 15 16 18 19 21 22 | 22.1
Earth Magic    | 4 5 6 8 9 10 11 12 | 12.0
Conjurations   | 1 2 3 4 5 |  5.0
Invocations    | 5 8 |  8.0
Spellcasting   | 3 6 8 10 | 10.0
Armour         | 3 |  3.2
Dodging        | |  1.5
Transmutations | |  1.0

Action                   |  1- 3 |  4- 6 |  7- 9 | 10-12 | 13-15 | 16-18 || total
-------------------------+-------+-------+-------+-------+-------+-------++-------
Melee: Hand axe          |    12 |       |       |       |       |       ||    12
       Short sword       |    56 |   124 |   291 |   401 |   342 |    71 ||  1285
       Constrict         |       |       |       |       |    72 |    17 ||    89
Throw: Throwing net      |       |     1 |       |       |       |       ||     1
       Boomerang         |       |       |       |       |     3 |     1 ||     4
 Cast: Sandblast         |       |     8 |    33 |   123 |    57 |    15 ||   236
       Stone Arrow       |       |       |       |    53 |   263 |    80 ||   396
       Lee's Rapid Decon |       |       |       |    11 |    33 |     9 ||    53
Invok: Slouch            |       |       |       |     1 |    21 |     4 ||    26
 Abil: Spit Poison       |    15 |    29 |    17 |    26 |    10 |     1 ||    98
Evoke: Wand              |       |       |     8 |     9 |     3 |     2 ||    22
  Use: Potion            |     1 |     9 |       |       |     4 |     2 ||    16
       Scroll            |       |     4 |       |    16 |    21 |     6 ||    47
 Stab: Sleeping          |     4 |       |    18 |    26 |    52 |     2 ||   102
       Distracted        |       |       |       |     3 |       |     1 ||     4
       Invisible         |       |       |       |       |     4 |       ||     4
Armor: Robe              |    26 |    33 |       |       |       |       ||    59
       Ring mail         |       |    18 |   224 |   397 |   462 |   156 ||  1257
Dodge: Dodged            |    65 |    78 |   120 |   305 |   341 |    89 ||   998

Table legend: (Time is in decaauts)
 A = Elapsed time spent in this place.
 B = Non-inter-level travel time spent in this place.
 C = Inter-level travel time spent in this place.
 D = Time resting spent in this place.
 E = Time spent auto-exploring this place.
 F = Levels seen in this place.
 G = Mean time per level.
                   A        B        C        D        E       F      G
               +--------+--------+--------+--------+--------+-----+--------+
         Total |  51775 |  48265 |   3510 |   8534 |  31854 |  24 | 2157.3 |
       Dungeon |  32639 |  30186 |   2453 |   5259 |  19672 |  15 | 2175.9 |
        Temple |    173 |    145 |     28 |      0 |     72 |   1 |  173.0 |
          Lair |  17578 |  16583 |    995 |   2786 |  11512 |   6 | 2929.7 |
     Snake Pit |    866 |    833 |     33 |    310 |    429 |   1 |  866.0 |
         Sewer |    517 |    517 |      0 |    178 |    168 |   1 |  517.0 |
               +--------+--------+--------+--------+--------+-----+--------+

Top non-repeatable levels by time:
  Lair:6: 4018 daAuts
    D:14: 3761 daAuts
    D:13: 3382 daAuts
     D:9: 3364 daAuts
  Lair:3: 3126 daAuts
  Lair:2: 3110 daAuts
    D:15: 3021 daAuts
    D:12: 2909 daAuts
  Lair:5: 2692 daAuts
    D:11: 2498 daAuts
  Lair:4: 2334 daAuts
  Lair:1: 2296 daAuts
    D:10: 2072 daAuts
     D:8: 1921 daAuts
     D:7: 1792 daAuts
